 Dungeon Crawl Stone Soup version 0.30.1 (webtiles) character file.

Game seed: 1998621902636202819

294 spardeous the Digger (level 6, -1/24 HPs)
             Began as a Felid Earth Elementalist on July 14, 2023.
             Slain by Pikel
             ... wielding a +2 whip of flaming
              (2 damage)
             ... on level 5 of the Dungeon.
             The game lasted 00:06:34 (2864 turns).

spardeous the Digger (Felid Earth Elementalist)     Turns: 2864, Time: 00:06:34

Health: -1/24      AC:  2    Str:  3    XL:     6   Next: 11%
Magic:  3/10       EV: 21    Int: 18    God:
Gold:   210        SH:  0    Dex: 20    Spells: 8/9 levels left
                                        Lives:  0   Deaths: 1

rFire   . . .        (weapon unavailable)
rCold   . . .        (shield unavailable)
rNeg    . . .        (body armour unavailable)
rPois   .            (helmet unavailable)
rElec   .            (cloak unavailable)
rCorr   .            (gloves unavailable)
SInv    +            (boots unavailable)
Will    .....        (no amulet)
Stlth   ++           (no ring)
HPRegen 0.24/turn    (no ring)
MPRegen 0.12/turn

%: no passive effects
@: quick
A: very small, claws 1, fangs 3, see invisible, speed 1, shaggy fur 2, stealthy
paws, no weapons or thrown items, no armour, multi-lived, agile 1
a: no special abilities


You were on level 5 of the Dungeon.
You visited 1 branch of the dungeon, and saw 5 of its levels.

You collected 210 gold pieces.

Inventory:

Scrolls
 d - a scroll of teleportation {unknown}
 e - 2 scrolls of magic mapping {unknown}
 f - a scroll of enchant weapon {unknown}
 g - 2 scrolls of noise {unknown}
 h - a scroll of fear {unknown}
Potions
 a - a potion of magic
 b - a potion of mutation
 i - a potion of lignification {unknown}


   Skills:
 + Level 5.6 Dodging
 - Level 2.6 Stealth
 - Level 2.0 Spellcasting
 - Level 1.1 Transmutations
 + Level 6.4 Earth Magic


You had 8 spell levels left.
You knew the following spells:

 Your Spells              Type           Power      Damage    Failure   Level
a - Sandblast             Erth           50%        2d12      1%          1

Your spell library contained the following spells:

 Spells                   Type           Power      Damage    Failure   Level
 Passwall                 Tmut/Erth      12%        N/A       6%          2
 Stone Arrow              Conj/Erth      26%        3d8       14%         3
 Shock                    Conj/Air       4%         1d3       19%         1
 Sublimation of Blood     Necr           1%         N/A       26%         2
 Petrify                  Tmut/Erth      15%        N/A       36%         4
 Swiftness                Air            1%         N/A       47%         3
 Airstrike                Air            0%         2d(1-17)  87%         4
 Irradiate                Conj/Tmut      1%         3d12      99%         5


Dungeon Overview and Level Annotations

Branches:
Dungeon (5/15)
 Temple: D:4-7

Altars:

Shops:
D:4 ??*=

Annotations:
D:2 1 runed translucent door, Crazy Yiuf
D:5 Pikel


Innate Abilities, Weirdness & Mutations

You have sharp claws.
You have razor-sharp teeth.
You have supernaturally acute eyesight. (SInv)
You cover ground quickly. (Speed+)
You are covered in thick fur. (AC +2)
Your paws help you pounce on unaware monsters.
You are incapable of wielding weapons or throwing items.
You cannot wear armour.
You gain extra lives every three experience levels.
You are agile. (Dex +4, Str/Int -1)


Message History

Aim: Pikel, wielding a +2 whip of flaming and wearing a +0 robe (almost dead, 79% to hit)
The blast of sand misses Pikel.
The blast of sand hits the lemure!
The lemure is moderately wounded.
Pikel barely misses you. Pikel closely misses you.
Casting: Sandblast (safe; 1% risk of failure)
Confirm with . or Enter, or press ? or * to list all spells.
Aiming: Sandblast (safe; 1% risk of failure)
Press: ? - help, Shift-Dir - straight line, f/p - Pikel
Aim: Pikel, wielding a +2 whip of flaming and wearing a +0 robe (almost dead, 79% to hit)
The blast of sand hits Pikel but does no damage.
Pikel is almost dead.
Casting: Sandblast (safe; 1% risk of failure)
Confirm with . or Enter, or press ? or * to list all spells.
Aiming: Sandblast (safe; 1% risk of failure)
Press: ? - help, Shift-Dir - straight line, f/p - Pikel
Aim: Pikel, wielding a +2 whip of flaming and wearing a +0 robe (almost dead, 79% to hit)
The blast of sand hits Pikel but does no damage.
Pikel is almost dead.
Pikel hits you with a +2 whip of flaming!
Pikel burns you.
* * * LOW HITPOINT WARNING * * *
Pikel completely misses you.
Casting: Sandblast (safe; 1% risk of failure)
Confirm with . or Enter, or press ? or * to list all spells.
Aiming: Sandblast (safe; 1% risk of failure)
Press: ? - help, Shift-Dir - straight line, f/p - Pikel
Aim: Pikel, wielding a +2 whip of flaming and wearing a +0 robe (severely wounded, 79% to hit)
The blast of sand hits Pikel but does no damage.
Pikel is severely wounded.
Casting: Sandblast (safe; 1% risk of failure)
Confirm with . or Enter, or press ? or * to list all spells.
Aiming: Sandblast (safe; 1% risk of failure)
Press: ? - help, Shift-Dir - straight line, f/p - Pikel
Aim: Pikel, wielding a +2 whip of flaming and wearing a +0 robe (severely wounded, 79% to hit)
The blast of sand hits Pikel.
Pikel is almost dead.
Pikel hits you with a +2 whip of flaming.
* * * LOW HITPOINT WARNING * * *
Pikel burns you.
You die...

#.......##.###
####.#>....##....
#....#.#.#.######
#....#.#.#.# #....#.#.#.#
#.###....#.#.#.#
#...'....#.#...#
#################...##.#####
..............5K@......#
########################
#...........# #...........##
#............#
#............# ..
#............####...
#...............<)..


You could see Pikel and a lemure.

Vanquished Creatures
  An ogre (D:4)
  A black bear (D:4)
  A howler monkey (D:5)
  An orc priest (D:5)
  Natasha (twice) (D:2)
  2 iguanas
  3 orc wizards (D:5)
  7 adders
  2 dart slugs
  6 orcs (D:5)
  A ball python (D:1)
  3 giant cockroaches
  3 hobgoblins
  8 jackals (D:4)
  4 kobolds
  2 quokkas
  A bat (D:1)
  5 frilled lizards
  7 goblins
  4 rats
64 creatures vanquished.

Notes
Turn   | Place    | Note
-------+----------+-------------------------------------------
     0 | D:1      | spardeous the Felid Earth Elementalist began the quest for
                  | the Orb.
     0 | D:1      | Reached XP level 1. HP: 7/7 MP: 4/4
    90 | D:1      | Reached skill level 3 in Earth Magic
   174 | D:1      | Reached XP level 2. HP: 11/11 MP: 1/6
   368 | D:2      | Reached XP level 3. HP: 14/14 MP: 5/7
   416 | D:2      | Found a runed translucent door.
   417 | D:2      | Noticed Crazy Yiuf
   458 | D:2      | Noticed Natasha
   546 | D:2      | Killed Natasha
   547 | D:2      | Reached skill level 4 in Earth Magic
   598 | D:2      | Noticed Natasha
   602 | D:2      | Killed Natasha
   603 | D:2      | Reached XP level 4. HP: 18/18 MP: 4/8
   823 | D:3      | Found a faded altar of an unknown god.
  1141 | D:3      | Reached skill level 5 in Earth Magic
  1358 | D:4      | Reached XP level 5. HP: 21/21 MP: 5/9
  1546 | D:4      | Found Maos's Jewellery Shop.
  1548 | D:4      | Found Ehuul's General Store.
  1550 | D:4      | Noticed an ogre
  1586 | D:4      | Killed an ogre
  1699 | D:4      | Noticed a black bear
  1789 | D:4      | Killed a black bear
  1790 | D:4      | Gained mutation: You are covered in thick fur. (AC +2)
                  | [Felid growth]
  1790 | D:4      | Reached XP level 6. HP: 20/24 MP: 5/10
  1897 | D:4      | Found Guodeum's Magic Scroll Boutique.
  1947 | D:4      | Reached skill level 6 in Earth Magic
  2096 | D:4      | Found Xalericw's Magic Scroll Boutique.
  2158 | D:5      | Entered Level 5 of the Dungeon
  2502 | D:5      | Reached skill level 5 in Dodging
  2724 | D:5      | Gained mutation: Your mind is acute. (Int +4, Str/Dex -1)
                  | [potion of mutation]
  2724 | D:5      | Gained mutation: Your skin changes colour to match your
                  | surroundings (Stealth+). [potion of mutation]
  2725 | D:5      | Slain by an orc
  2726 | D:5      | Reached XP level 5. HP: -3/21 MP: 0/9
  2768 | D:5      | Noticed a lemure
  2771 | D:5      | Lost mutation: Your mind is acute. (Int +4, Str/Dex -1)
                  | [potion of mutation]
  2771 | D:5      | Lost mutation: Your skin changes colour to match your
                  | surroundings (Stealth+). [potion of mutation]
  2771 | D:5      | Gained mutation: You are robust. (+10% HP) [potion of
                  | mutation]
  2771 | D:5      | Gained mutation: You passively dampen the noise of your
                  | surroundings. [potion of mutation]
  2772 | D:5      | Lost mutation: You passively dampen the noise of your
                  | surroundings. [potion of mutation]
  2772 | D:5      | Lost mutation: You are robust. (+10% HP) [potion of
                  | mutation]
  2772 | D:5      | Gained mutation: You expend magic power (3 MP) to
                  | strengthen your wands. [potion of mutation]
  2772 | D:5      | Gained mutation: You are occasionally teleported next to
                  | monsters. [potion of mutation]
  2772 | D:5      | Gained mutation: Your mind is acute. (Int +4, Str/Dex -1)
                  | [potion of mutation]
  2773 | D:5      | Lost mutation: You are occasionally teleported next to
                  | monsters. [potion of mutation]
  2773 | D:5      | Lost mutation: Your mind is acute. (Int +4, Str/Dex -1)
                  | [potion of mutation]
  2773 | D:5      | Lost mutation: You expend magic power (3 MP) to strengthen
                  | your wands. [potion of mutation]
  2773 | D:5      | Gained mutation: You are agile. (Dex +4, Str/Int -1)
                  | [potion of mutation]
  2779 | D:5      | Reached XP level 6. HP: 24/24 MP: 7/10
  2804 | D:5      | Noticed Pikel
  2864 | D:5      | HP: 1/24 [Pikel/+2 whip of flaming (6)]
  2864 | D:5      | Slain by Pikel

Illustrated notes

Levels and vault maps discovered:
D:1:      saegor_arrival_simple_a, layout_rooms
D:2:      layout_rooms, minmay_misc_feat_room, kennysheep_cross_bottleneck,
          uniq_sigmund, uniq_crazy_yiuf_cottage, uniq_natasha
D:3:      layout_basic, basic_ecumenical_altar, nicolae_grassy_gnolls
D:4:      layout_loops_ring, serial_shops, shop, kennysheep_mini_moat, shop,
          shop
D:5:      layout_basic, serial_shops, shop, uniq_menkaure, uniq_pikel

Skill      XL: |  1  2  3  4  5  6 |
---------------+-------------------+-----
Earth Magic    | 3 4 5 6 |  6.4
Dodging        | 4 5 |  5.6
Stealth        | |  2.6
Spellcasting   | |  2.0
Transmutations | |  1.1

Action                     |  1- 3 |  4- 6 || total
---------------------------+-------+-------++-------
   Cast: Sandblast         |    32 |    99 ||   131
    Use: Scroll            |     1 |       ||     1
         Potion            |       |     5 ||     5
 Armour: Skin              |     1 |     3 ||     4
  Dodge: Dodged            |    18 |    32 ||    50
